Map: Para Site LE

Players

Creator - Winner!

  • Race: Protoss Protoss
  • League: Master
  • Spawn Location: 5:00

Kelazhur

  • Race: Terran Terran
  • League: Master
  • Spawn Location: 11:00

Event: HomeStory Cup XVIII

VOD

Have the link to the VOD?

Description

Time

  • Played on: Nov. 22, 2018, 3:40 p.m.
  • Length: 8:19

All games in this series

Show
View Real Time Build Order
Export as new Build Order

Creator Protoss - Winner!

Build Orders: 1 Gate Expand 

Get SALT Encoding   

  12  0:00  Probe  
  13  0:12  Probe  
  14  0:18  Pylon  
  14  0:24  Probe  
  15  0:32  Probe  
  15  0:37  Gateway  
  15  0:40  Probe  
  16  0:46  Assimilator  
  17  0:51  Probe  
  18  1:03  Probe  
  19  1:15  Probe  
  20  1:29  Cybernetics Core  
  20  1:36  Nexus  
  20  1:41  Probe  
  21  1:53  Pylon  
  21  1:54  Probe  
  22  1:58  Assimilator  
  22  2:03  Adept  
  22  2:07  Probe  
  23  2:13  Warp Gate  
  25  2:19  Probe  
  26  2:27  Stalker  
  26  2:31  Probe  
  29  2:43  Probe  
  30  2:48  Probe  
  30  2:53  Robotics Facility  
  30  2:55  Probe  
  31  2:59  Probe  
  31  3:01  Stalker  
  34  3:07  Probe x2  
  36  3:16  Probe  
  36  3:19  Probe  
  38  3:26  Gateway x2  
  38  3:29  Probe  
  38  3:30  Warp Prism  
  38  3:31  Gateway  
  38  3:33  Probe  
  42  3:42  Probe  
  42  3:46  Pylon  
  43  3:48  Probe  
  43  3:55  Probe  
  45  4:00  Probe  
  46  4:06  Observer  
  46  4:07  Probe  
  46  4:09  Pylon  
  48  4:13  Probe  
  49  4:19  Pylon  
  49  4:20  Probe  
  50  4:25  Probe  
  50  4:27  Stalker x4  
  59  4:40  Nexus  
  59  4:51  Immortal  
  63  4:59  Probe x2  
  65  5:02  Assimilator  
  65  5:05  Assimilator  
  65  5:06  Twilight Council  
  65  5:07  Forge  
  65  5:11  Probe x2  
  67  5:14  Pylon  
  67  5:19  Probe  
  67  5:21  Protoss Ground Weapons Level 1  
  67  5:22  Blink  
  67  5:23  Probe  
  67  5:24  Pylon  
  67  5:26  Pylon  
  67  5:28  Probe  
  70  5:35  Probe  
  70  5:37  Sentry  
  70  5:38  Probe  
  70  5:41  Pylon  
  74  5:47  Probe  
  74  5:48  Probe  
  75  5:50  Probe  
  75  5:56  Probe  
  77  5:57  Gateway, Sentry  
  77  5:58  Gateway  
  77  6:00  Probe  
  77  6:02  Gateway, Probe  
  82  6:05  Observer  
  82  6:08  Gateway, Probe  
  84  6:12  Probe  
  84  6:14  Probe  
  84  6:15  Sentry  
  88  6:19  Assimilator  
  88  6:20  Probe  
  88  6:21  Assimilator  
  88  6:23  Stalker  
  88  6:24  Probe  
  92  6:26  Probe  
  92  6:30  Stalker x2  
  97  6:32  Probe  
  97  6:36  Probe  
  99  6:40  Stalker  
  99  6:43  Probe  
  99  6:45  Probe  
  103  6:48  Probe  
  103  6:49  Stalker  
  106  6:55  Stalker x3  
  106  6:57  Stalker  
  106  6:59  Stalker  
  116  7:01  Pylon  
  116  7:03  Nexus  
  116  7:16  Pylon  
  116  7:20  Stalker x4  
  122  7:38  Stalker x4  
  122  7:39  Probe x3  
  122  7:43  Pylon x2  
  123  7:59  Zealot x4  
  123  8:02  Zealot x4  
Show
View Real Time Build Order
Export as new Build Order

Kelazhur Terran 

Build Orders:  

Get SALT Encoding   

  12  0:00  SCV  
  13  0:12  SCV  
  14  0:19  Supply Depot  
  14  0:25  SCV  
  15  0:41  SCV  
  15  0:42  Barracks  
  16  0:45  Refinery  
  16  0:53  SCV  
  17  1:05  SCV  
  18  1:17  SCV  
  18  1:29  SCV  
  19  1:35  Barracks  
  19  1:43  SCV  
  20  1:52  Command Center  
  19  1:57  SCV  
  20  2:10  SCV  
  21  2:23  Factory  
  21  2:24  Marine  
  21  2:28  Supply Depot  
  22  2:32  Orbital Command  
  22  2:46  Barracks Tech Lab  
  22  2:58  SCV  
  23  3:07  Orbital Command  
  23  3:10  SCV  
  23  3:16  Cyclone  
  23  3:17  Command Center  
  26  3:22  SCV  
  27  3:34  SCV  
  28  3:36  Refinery  
  28  3:40  SCV  
  29  3:46  SCV  
  29  3:48  Cyclone  
  33  3:49  Barracks  
  33  3:52  SCV  
  33  3:55  Barracks  
  34  3:58  SCV  
  35  4:03  Marine  
  35  4:04  SCV  
  35  4:05  Bunker  
  37  4:10  SCV  
  37  4:16  SCV  
  39  4:22  SCV, Barracks Tech Lab  
  40  4:28  SCV  
  40  4:30  Supply Depot, Orbital Command  
  41  4:33  Engineering Bay  
  41  4:37  Siege Tank  
  41  4:38  Marine  
  44  4:39  SCV  
  44  4:42  SCV  
  47  4:52  Marine x2, SCV  
  48  4:58  Marine  
  49  5:02  Stimpack  
  49  5:03  SCV  
  50  5:07  Terran Infantry Weapons Level 1  
  50  5:09  Marine  
  50  5:10  Marine  
  50  5:13  SCV x2  
  54  5:15  Missile Turret  
  54  5:17  SCV  
  55  5:25  SCV x2  
  55  5:28  Marine  
  58  5:35  Barracks Reactor  
  57  5:37  SCV x2  
  57  5:39  Barracks x2, SCV  
  60  5:43  Supply Depot  
  60  5:46  Combat Shield  
  60  5:47  Refinery  
  60  5:49  SCV x2  
  62  5:51  Marine, SCV  
  62  5:53  Marine  
  62  5:56  Refinery  
  65  6:01  Starport  
  65  6:02  Factory Reactor, SCV  
  65  6:03  SCV x2  
  70  6:11  Marauder x2, Marine x2  
  70  6:14  SCV  
  70  6:15  SCV  
  70  6:17  Orbital Command  
  76  6:18  Supply Depot  
  76  6:20  Supply Depot  
  76  6:23  Supply Depot  
  77  6:27  SCV  
  77  6:28  Barracks Reactor, Barracks Tech Lab  
  77  6:36  Supply Depot  
  77  6:40  Marine x2, SCV  
  77  6:41  Missile Turret  
  77  6:42  Marauder  
  77  6:43  Marauder, SCV  
  77  6:45  Missile Turret  
  84  6:55  SCV  
  84  6:57  Marauder  
  84  6:58  SCV x2  
  84  7:00  Factory Reactor  
  84  7:01  Supply Depot, Medivac x2  
  93  7:06  Supply Depot  
  93  7:08  SCV  
  94  7:10  SCV x2  
  94  7:14  Marine x2, Marauder x2  
  94  7:15  Marine x2  
  103  7:20  SCV  
  106  7:22  SCV  
  106  7:27  Marauder  
  104  7:32  Marine x2  
  104  7:35  SCV  
  104  7:36  Marauder x2  
  106  7:37  Marine x2  
  108  7:46  SCV x2  
  108  7:49  Supply Depot, Marauder, Marine x2  
  114  7:55  Marine  
  114  7:57  Marine, Marauder x2  
  107  7:59  SCV x2  
  107  8:00  SCV  
  109  8:06  Supply Depot, Armory  
Tags
 
Add a new tag
Caveats
  • Supply blocks, unpowered buildings, or Contaminate may cause inaccurate times.
  • Supply counts are checked every 10 seconds.